 Dungeon Crawl Stone Soup version 0.32-a0-418-g34023cf50c (webtiles) character file.

Game seed: 155478657946326566

3245 Asfel the Chopper (level 9, -1/47 HPs)
             Began as a Vine Stalker Fighter on Feb 21, 2024.
             Was a Follower of Kikubaaqudgha.
             Succumbed to an orange demon's poison
             ... on level 8 of the Dungeon.
             The game lasted 00:15:54 (5824 turns).

Asfel the Chopper (Vine Stalker Fighter)            Turns: 5824, Time: 00:15:55

Health: -1/47      AC: 16    Str: 22    XL:     9   Next: 99%
Magic:  9/15       EV: 11    Int: 10    God:    Kikubaaqudgha [*.....]
Gold:   460        SH: 10    Dex: 19    Spells: 15/15 levels left

rFire   . . .        m - +0 broad axe
rCold   . . .        J - +0 kite shield
rNeg    . . .        H - +0 plate armour
rPois   .            F - +0 helmet
rElec   .            x - +0 cloak
rCorr   .            o - +0 pair of gloves
SInv    .            (no boots)
Will    +....        (no amulet) Stlth
                     e - +5 ring of evasion
HPRegen 1.07/turn    i - +6 ring of dexterity
MPRegen 0.14/turn

%: guardian spirit
@: mighty, lethally poisoned (-1 -> -8)
A: fangs 3, regeneration 1, magic shield, antimagic bite, no potion heal 2
a: Renounce Religion, Unearth Wretches


You were on level 8 of the Dungeon.
You worshipped Kikubaaqudgha.
Kikubaaqudgha was aware of your devotion.
You visited 1 branch of the dungeon, and saw 8 of its levels.

You collected 460 gold pieces.

Inventory:

Hand Weapons
 a - a +0 war axe
 m - a +0 broad axe (weapon)
 t - a +0 hand axe
Missiles
 h - 2 throwing nets (quivered)
Armour
 b - a +1 scale mail
 c - a +0 buckler
 o - a +0 pair of gloves (worn)
 s - a +0 scale mail
 x - a +0 cloak (worn)
 y - a +0 pair of gloves
 F - a +0 helmet (worn)
 H - a +0 plate armour (worn)
 J - a +0 kite shield (worn)
Jewellery
 e - a +5 ring of evasion (left hand)
 i - a +6 ring of dexterity (right hand)
 k - a ring of positive energy
 E - a +5 ring of evasion
Wands
 w - a wand of flame (25)
 G - a wand of polymorph (7)
 I - a wand of charming (7)
Scrolls
 f - 5 scrolls of teleportation
 g - 2 scrolls of silence
 j - a scroll of blinking
 v - a scroll of identify
 D - a scroll of torment {unknown}
 K - a scroll of enchant weapon {unknown}
Potions
 d - 2 potions of might
 l - a potion of lignification {unknown}
 n - a potion of degeneration
 p - 6 potions of curing {unknown}
 q - 5 potions of heal wounds {unknown}
 r - 2 potions of ambrosia {unknown}
 u - a potion of magic {unknown}
 z - 3 potions of attraction {unknown}
 A - a potion of haste {unknown}
 B - a potion of cancellation {unknown}
 C - a potion of enlightenment {unknown}
 L - a potion of brilliance {unknown}


   Skills:
 + Level 5.2 Fighting
 + Level 7.7 Axes
 + Level 5.1 Armour
 + Level 2.4 Dodging
 + Level 1.4 Stealth
 + Level 4.8 Shields
 * Level 3.5 Spellcasting
 * Level 4.1 Necromancy


You had 15 spell levels left.
You didn't know any spells.
Your spell library contained the following spells:

 Spells                   Type           Power      Damage    Failure   Level
 Necrotise                Necr           40%        1d6       91%         1
 Sublimation of Blood     Necr           10%        N/A       97%         2
 Kiss of Death            Conj/Necr      20%        2d7       99%         1
 Fugue of the Fallen      Necr           10%        N/A       99%         3
 Vampiric Draining        Necr           10%        2d6       99%         3
 Apportation              Tloc           2%         N/A       100%        1
 Sting                    Conj/Alch      4%         1d3       100%        1
 Summon Small Mammal      Summ           4%         N/A       100%        1
 Scorch                   Fire           2%         2d5       100%        2
 Flame Wave               Conj/Fire      1%         2d4       100%        4
 Summon Cactus Giant      Summ           0%         N/A       100%        6


Dungeon Overview and Level Annotations

Branches:
Dungeon (8/15)             Temple (0/1) D:5
   Lair: D:8-11

Altars:
Ashenzari
Dithmenos
Fedhas
Gozag
Kikubaaqudgha
Qazlal
Ru
Trog
Wu Jian
Yredelemnul
Zin
The Shining One

Shops:
D:6 =


Innate Abilities, Weirdness & Mutations

You have razor-sharp teeth.
Your natural rate of healing is unusually fast.
When hurt, damage is shared between your health and your magic reserves.
Your bite disrupts and absorbs the magic of your enemies.
Potions cannot restore your health.


Message History

You closely miss Amaemon. You bite Amaemon!
Amaemon's magic leaks into the air.
You drain his magic.
Amaemon is heavily wounded.
You feel very sick. The orange demon stings you from afar.
You are lethally poisoned!
The orange demon poisons you! Amaemon completely misses you.
Amaemon claws you but does no damage.
Amaemon tail-slaps you but does no damage.
You hit Amaemon. You bite Amaemon!
Amaemon's magic leaks into the air.
You drain his magic.
Amaemon is severely wounded.
You feel extremely sick.
The orange demon stings you but does no damage.
Amaemon hits you with a -1 demon whip of venom!
* * * LOW HITPOINT WARNING * * *
Amaemon closely misses you.
Amaemon tail-slaps you but does no damage.
You block Amaemon's attack. x2
Amaemon tail-slaps you but does no damage.
The orange demon closely misses you.
You slice Amaemon!! You bite Amaemon.
Amaemon's magic leaks into the air.
You drain his magic.
You feel invigorated.
Amaemon is almost dead.
* * * LOW HITPOINT WARNING * * *
You feel extremely sick. You block the orange demon's attack.
You block Amaemon's attack. Amaemon claws you.
* * * LOW HITPOINT WARNING * * *
You block Amaemon's attack.
You feel very mighty all of a sudden.
* * * LOW HITPOINT WARNING * * *
You feel very sick.
The orange demon stings you but does no damage.
You block Amaemon's attack. Amaemon claws you. You block Amaemon's attack.
You slash Amaemon! You bite Amaemon.
You kill Amaemon!
Kikubaaqudgha accepts your kill.
You die...
Kikubaaqudgha rasps: You have failed me!
Welcome... death!

## ### #..#[.
##.....###### ..
#.......#... .
...#4.@#.# .
.......)..# .# ..
....#.....#####.#..~
#.. #..............≈
# #..##.........~~
#.. #.##.##.#.~ .∩.~
#.#.##.##.# ~...~
#.#.......# ~~...~ .
######.## #.~~.∩..


You could see an orange demon.

Vanquished Creatures
  Amaemon (D:8)
  A troll (D:7)
  Sigmund (D:6)
  A wyvern (D:7)
  Menkaure (D:4)
  A sky beast (D:6)
  An ice beast (D:7)
  A wolf (D:8)
  2 centaurs
  3 ogres
  2 phantoms (D:7)
  A bullfrog (D:6)
  A gnoll sergeant (D:6)
  2 scorpions (D:5)
  3 wights (D:8)
  3 killer bees (D:7)
  2 bombardier beetles
  6 hounds
  6 orc priests
  A sleepcap (D:6)
  Crazy Yiuf (D:3)
  Jessica (D:3)
  3 iguanas
  6 orc wizards
  9 gnolls
  13 adders
  A shadow imp (D:7)
  4 white imps
  2 ufetubi (D:7)
  6 ribbon worms
  3 dart slugs
  21 orcs
  4 ball pythons
  6 endoplasms
  8 giant cockroaches
  11 goblins
  8 hobgoblins
  6 jackals
  A quokka (D:1)
  5 bats
  3 frilled lizards
  11 kobolds
  5 rats
  A butterfly (D:6)
179 creatures vanquished.

Notes
Turn   | Place    | Note
-------+----------+-------------------------------------------
     0 | D:1      | Asfel the Vine Stalker Fighter began the quest for the Orb.
     0 | D:1      | Reached XP level 1. HP: 11/11 MP: 2/2
    99 | D:1      | Reached XP level 2. HP: 13/16 MP: 1/3
   269 | D:1      | Reached XP level 3. HP: 17/20 MP: 2/4
   314 | D:1      | Reached skill level 2 in Axes
   900 | D:2      | Reached XP level 4. HP: 24/24 MP: 5/5
   984 | D:2      | Reached skill level 1 in Dodging
  1056 | D:2      | Reached XP level 5. HP: 25/28 MP: 6/6
  1217 | D:2      | Reached skill level 3 in Axes
  1444 | D:3      | Found a sacrificial altar of Ru.
  1484 | D:3      | Reached XP level 6. HP: 30/32 MP: 7/7
  1485 | D:3      | Noticed Jessica
  1512 | D:3      | Killed Jessica
  1685 | D:3      | Reached skill level 4 in Axes
  1768 | D:3      | HP: 1/33 [orc priest/+0 hand axe (3)]
  1887 | D:3      | Found a runed translucent door.
  1888 | D:3      | Noticed Crazy Yiuf
  1942 | D:3      | Reached XP level 7. HP: 34/37 MP: 8/8
  1969 | D:3      | Found a basalt altar of Yredelemnul.
  2243 | D:3      | Killed Crazy Yiuf
  2491 | D:4      | Found an ancient bone altar of Kikubaaqudgha.
  2515 | D:4      | Became a worshipper of Kikubaaqudgha
  2560 | D:4      | Found a glowing silver altar of Zin.
  2560 | D:4      | Found an opulent altar of Gozag.
  2860 | D:4      | Found a broken altar of Ashenzari.
  2866 | D:4      | Found a stormy altar of Qazlal.
  2866 | D:4      | Noticed Menkaure
  2867 | D:4      | Found a bloodstained altar of Trog.
  2874 | D:4      | Killed Menkaure
  2875 | D:4      | Reached skill level 5 in Axes
  2884 | D:4      | Found an ornate altar of the Wu Jian Council.
  3152 | D:5      | Entered Level 5 of the Dungeon
  3176 | D:5      | Gained mutation: You have razor-sharp teeth. [Vine Stalker
                  | growth]
  3176 | D:5      | Reached XP level 8. HP: 39/42 MP: 7/9
  3189 | D:5      | Reached skill level 1 in Stealth
  3393 | D:5      | Reached skill level 1 in Necromancy
  3513 | D:5      | Found a staircase to the Ecumenical Temple.
  3668 | D:5      | Reached skill level 1 in Spellcasting
  3710 | D:5      | Reached skill level 6 in Axes
  4226 | D:6      | Noticed Sigmund
  4230 | D:6      | Killed Sigmund
  4269 | D:6      | Reached XP level 9. HP: 46/46 MP: 13/13
  4531 | D:6      | Found Luhotza's Jewellery Shop.
  4970 | D:7      | Reached skill level 5 in Fighting
  5030 | D:7      | Found a shadowy altar of Dithmenos.
  5053 | D:7      | Reached * piety under Kikubaaqudgha
  5053 | D:7      | Received a gift from Kikubaaqudgha
  5135 | D:7      | Noticed a troll
  5143 | D:7      | Killed a troll
  5144 | D:7      | Reached skill level 7 in Axes
  5334 | D:7      | Reached skill level 5 in Armour
  5586 | D:7      | Found a blossoming altar of Fedhas.
  5593 | D:7      | Found a glowing golden altar of the Shining One.
  5809 | D:8      | Noticed Amaemon
  5814 | D:8      | Noticed an orange demon
  5823 | D:8      | HP: 1/47 [poisoned by an orange demon]
  5824 | D:8      | Killed Amaemon
  5824 | D:8      | Succumbed to an orange demon's poison

Illustrated notes

Levels and vault maps discovered:
D:1:      psy_arrival_wood_between_worlds, layout_loops_ring, fountainhead,
          grunt_decor_fettered, minivault_26, minmay_misc_feat_x, st_stairs_13
D:2:      minmay_recursive_quarters, layout_rooms, minivault_4
D:3:      cheibrodos_pilgrimage, layout_loops_ring,
          mainiacjoe_overflow_chevrons,
          mainiacjoe_overflow_concentric_impassable, uniq_jessica,
          uniq_crazy_yiuf_cottage
D:4:      minmay_chambers_of_threes, layout_basic,
          grunt_temple_overflow_gold_and_silver, kiku_gazebo_garden_becter,
          nicolae_overflow_macrodata_refinement, uniq_menkaure
D:5:      layout_basic, minmay_temple_entry_grid
D:6:      layout_loops_corners, minmay_shop_enchanted_jewellery,
          hangedman_glass_garden, uniq_sigmund
D:7:      layout_loops_ring, gammafunk_temple_overflow_forgotten
D:8:      layout_loops_ring, nicolae_uskayaw_dance_studio, serial_ice,
          serial_ice_d, serial_ice_i, serial_ice_e, serial_ice_n, uniq_amaemon

Skill      XL: |  1  2  3  4  5  6  7  8  9 |
---------------+----------------------------+-----
Shields        | 3 4 |  4.8
Fighting       | 3 4 5 |  5.2
Axes           | 2 3 4 5 6 7 |  7.7
Armour         | 3 4 5 |  5.1
Dodging        | 1 2 |  2.4
Stealth        | 1 |  1.4
Necromancy     | 2 4 |  4.1
Spellcasting   | 2 3 |  3.5

Action                     |  1- 3 |  4- 6 |  7- 9 || total
---------------------------+-------+-------+-------++-------
  Melee: War axe           |    70 |   153 |    98 ||   321
         Bite              |    20 |    31 |   116 ||   167
         Broad axe         |       |       |   235 ||   235
    Use: Scroll            |       |       |     9 ||     9
         Potion            |       |       |     2 ||     2
 Armour: Scale mail        |    37 |    95 |   127 ||   259
         Plate armour      |       |       |    86 ||    86
  Dodge: Dodged            |    66 |   144 |   208 ||   418
  Block: Buckler           |    23 |    38 |    88 ||   149
         Kite shield       |       |       |    71 ||    71

Table legend: (Time is in decaauts)
 A = Elapsed time spent in this place.
 B = Non-inter-level travel time spent in this place.
 C = Inter-level travel time spent in this place.
 D = Time resting spent in this place.
 E = Time spent auto-exploring this place.
 F = Levels seen in this place.
 G = Mean time per level.
                   A        B        C        D        E       F      G
               +--------+--------+--------+--------+--------+-----+--------+
         Total |   6017 |   5570 |    447 |      0 |   3950 |   8 |  752.1 |
       Dungeon |   6017 |   5570 |    447 |      0 |   3950 |   8 |  752.1 |
               +--------+--------+--------+--------+--------+-----+--------+

Top non-repeatable levels by time:
     D:6: 1023 daAuts
     D:3: 955 daAuts
     D:1: 891 daAuts
     D:5: 822 daAuts
     D:4: 809 daAuts
     D:7: 784 daAuts
     D:2: 606 daAuts
     D:8: 123 daAuts
